 Dungeon Crawl Stone Soup version 0.20-a0-1122-gb7cbeb9 (webtiles) character file.

39 anfisbena the Sneak (level 3, 0/28 HPs)
             Began as a Vine Stalker Fighter on May 14, 2017.
             Succumbed to an adder's poison
             ... on level 2 of the Dungeon.
             The game lasted 00:01:28 (1710 turns).

anfisbena the Sneak (Vine Stalker Fighter)          Turns: 1710, Time: 00:01:28

Health: 0/28       AC: 21    Str: 18    XL:     3   Next: 45%
Magic:  4/4        EV:  2    Int:  8    God:
Gold:   81         SH:  0    Dex: 14    Spells: 2/2 levels left

rFire    . . .     SeeInvis .   a - +0 long sword
rCold    . . .     Gourm    .   (no shield)
rNeg     + + +     Faith    .   (armour currently unavailable)
rPois    +         Spirit   +   (helmet currently unavailable)
rElec    .         Reflect  .   (cloak currently unavailable)
rCorr    .         Harm     .   (gloves currently unavailable)
MR       .....     NoTele   +   (boots currently unavailable)
Stlth    ++........             (no amulet)
Regen    0.1/turn               (no ring)
MPRegen  0.1/turn               (no ring)

@: lethally poisoned (0 -> -5), tree-form
A: screaming 1, teleportitis 1, magic shield, no potion heal 3, rot immunity
a: no special abilities


You were on level 2 of the Dungeon.
You were hungry.
You were a tree.
You visited 1 branch of the dungeon, and saw 2 of its levels.

You collected 81 gold pieces.

Inventory:

Hand Weapons
 a - a +0 long sword (weapon)
Armour
 i - a +0 pair of boots (melded)
 j - a +0 leather armour (melded)
Jewellery
 b - a cursed -2 ring of evasion {unknown}
Scrolls
 g - a scroll of identify {unknown}
 k - a scroll of teleportation {unknown}
 l - 2 scrolls of amnesia {unknown}
 m - a scroll of fear {unknown}
Potions
 c - a potion of mutation
 d - a potion of might
 e - 2 potions of lignification
 h - a potion of flight
Comestibles
 f - 2 bread rations
 n - a chunk of flesh


   Skills:
 - Level 2.6 Fighting
 + Level 2.5 Long Blades
 - Level 2.4 Armour
 + Level 3.0 Stealth
   Level 2.6 Shields


You had 2 spell levels left.
You didn't know any spells.

Dungeon Overview and Level Annotations

Branches:
Dungeon (2/15)

Altars:


Innate Abilities, Weirdness & Mutations

((You have extremely sharp teeth.))
When hurt, damage is shared between your health and your magic reserves.
((Your bite disrupts and absorbs the magic of your enemies.))
Potions cannot restore your health.
You are immune to rotting.
((You have a pair of small horns on your head.))
((Your system is resistant to poisons. (rPois)))
You occasionally shout uncontrollably at your foes.
You are occasionally teleported next to monsters.


Message History

You feel sick.
It was a potion of mutation.
You feel extremely strange.
You feel frail.
Your thoughts seem clearer.
Your fingernails lengthen.
You feel nature experimenting on you.
Don't worry, failures die fast.
It was a potion of flight.
Your roots keep you in place.
* * * LOW HITPOINT WARNING * * *
You feel sick.
You feel extremely strange.
Your fingernails shrink to normal size.
Nature stops experimenting on you.
Your thinking seems confused.
You feel robust.
You feel the urge to shout.
You feel weirdly uncertain. A pair of horns grows on your head!
You feel resistant to poisons.
* * * LOW HITPOINT WARNING * * *
You feel sick.
Okay, then.
There is a lethal amount of poison in your body!
* * * LOW HITPOINT WARNING * * *
You feel sick.
You are feeling hungry.
You die...

##########
.........######
.........#....##########
.......).#.##.##.......#
.........#.##.##.......#
........>'.............#
.......♣.##.###........#
########.##.# #........#
#.##.###........#
#.##).##........#
#.###.##........# #.#
#..#........# #.#
##.#.......##
#.####.#####.####
#................


There were no monsters in sight!

Vanquished Creatures
  An adder (D:2)
  2 dart slugs
  A leopard gecko (D:1)
  4 bats (D:1)
  A giant cockroach (D:2)
  3 goblins
  2 hobgoblins (D:1)
  3 kobolds
  4 frilled lizards
  5 rats
26 creatures vanquished.

Notes
Turn   | Place    | Note
-------+----------+-------------------------------------------
     0 | D:1      | anfisbena the Vine Stalker Fighter began the quest for the Orb.
     0 | D:1      | Reached XP level 1. HP: 11/11 MP: 2/2
   140 | D:1      | Reached skill level 1 in Stealth
   441 | D:1      | Reached XP level 2. HP: 10/16 MP: 1/3
   986 | D:1      | Reached skill level 2 in Stealth
  1605 | D:2      | Reached XP level 3. HP: 19/19 MP: 4/4
  1701 | D:2      | Reached skill level 3 in Stealth
  1703 | D:2      | Gained mutation: You are frail. (-10% HP) [potion of mutation]
  1703 | D:2      | Gained mutation: You possess an exceptional clarity of mind. [potion of mutation]
  1703 | D:2      | Gained mutation: You have sharp fingernails. [potion of mutation]
  1703 | D:2      | Gained mutation: You evolve. [potion of mutation]
  1705 | D:2      | Lost mutation: You have sharp fingernails. [potion of mutation]
  1705 | D:2      | Lost mutation: You evolve. [potion of mutation]
  1705 | D:2      | Lost mutation: You possess an exceptional clarity of mind. [potion of mutation]
  1705 | D:2      | Lost mutation: You are frail. (-10% HP) [potion of mutation]
  1705 | D:2      | Gained mutation: You occasionally shout uncontrollably at your foes. [potion of mutation]
  1705 | D:2      | Gained mutation: You are occasionally teleported next to monsters. [potion of mutation]
  1705 | D:2      | Gained mutation: You have a pair of small horns on your head. [potion of mutation]
  1705 | D:2      | Gained mutation: Your system is resistant to poisons. (rPois) [potion of mutation]
  1705 | D:2      | HP: 1/28 [poisoned by an adder]
  1710 | D:2      | Succumbed to an adder's poison

Vault maps used:
D:1:      saegor_arrival_simple_c

Skill      XL: |  1  2  3 |
---------------+----------+-----
Long Blades    | 2 |  2.5
Stealth        | 1 2 3 |  3.0
Fighting       | |  2.6
Armour         | |  2.4
Shields        | |  2.6

Action                   || total
-------------------------++-------
Melee: Long sword        ||    53
       Bite              ||    16
  Use: Potion            ||     4
 Stab: Sleeping          ||     2
  Eat: Chunk             ||     2
Armor: Leather armour    ||    11
       Skin              ||     3
Dodge: Dodged            ||    47
       Rpst.: Long sword ||    14
